 Dungeon Crawl Stone Soup version 0.29.0 (webtiles) character file.

Game seed: 11652119264653362885

320 mezmerelda the Chopper (level 6, -4/52 HPs)
             Began as a Hill Orc Fighter on Sept 6, 2022.
             Was an Initiate of Beogh.
             Killed by divine providence
             ... invoked by an orc priest
              (8 damage)
             ... on level 3 of the Dungeon.
             The game lasted 00:18:25 (3503 turns).

mezmerelda the Chopper (Hill Orc Fighter)           Turns: 3503, Time: 00:18:26

Health: -4/52      AC:  8    Str: 21    XL:     6   Next: 46%
Magic:  6/6        EV:  9    Int:  8    God:    Beogh [......]
Gold:   127        SH:  5    Dex: 16    Spells: 5/5 levels left

rFire   . . .      SeeInvis .   a - +0 war axe
rCold   . . .      Faith    .   c - +0 buckler
rNeg    . . .      Spirit   .   b - +0 scale mail
rPois   .          Reflect  .   h - +0 helmet
rElec   .          Harm     .   (no cloak)
rCorr   .          Rampage  .   (no gloves)
Will    .....                   (no boots)
Stlth   ..........              (no amulet)
HPRegen 0.17/turn               q - +6 ring of dexterity
MPRegen 0.10/turn               (no ring)

@: no status effects
A: no striking features
a: Renounce Religion


You were on level 3 of the Dungeon.
You worshipped Beogh.
Beogh was noncommittal.
You visited 1 branch of the dungeon, and saw 4 of its levels.

You collected 127 gold pieces.

Inventory:

Hand Weapons
 a - a +0 war axe (weapon)
 t - a +2 antimagic short sword
Missiles
 o - 4 javelins (quivered)
 v - 4 poisoned darts
Armour
 b - a +0 scale mail (worn)
 c - a +0 buckler (worn)
 h - a +0 helmet (worn)
Jewellery
 m - a ring of protection from cold
 q - a +6 ring of dexterity (left hand)
Wands
 n - a wand of roots (8)
Scrolls
 e - a scroll of vulnerability {unknown}
 f - a scroll of teleportation {unknown}
 i - 2 scrolls of identify
 p - a scroll of acquirement {unknown}
Potions
 d - 3 potions of curing
 g - 3 potions of flight
 j - a potion of lignification {unknown}
 k - a potion of magic {unknown}
 l - a potion of haste {unknown}
 r - a potion of brilliance {unknown}
 s - a potion of invisibility {unknown}
 u - a potion of heal wounds {unknown}


   Skills:
 - Level 4.0 Fighting
 + Level 7.7 Axes
 - Level 4.0 Armour
 - Level 4.0 Shields


You had 5 spell levels left.
You didn't know any spells.
Your spell library was empty.

Dungeon Overview and Level Annotations

Branches:
Dungeon (4/15)
 Temple: D:4-7

Altars:
Ashenzari
Dithmenos
Uskayaw

Shops:
D:1 [


Message History

Things that are here:
a +0 dagger; a +0 dagger
There is a stone staircase leading down here.
You climb downwards.
There is a stone staircase leading up here.
Done exploring.
(D) Dungeon
Where to? (Enter - D:2 @ (x,y), ? - help)
You see here a +0 ring mail.
There is a stone staircase leading down here.
You climb downwards.
The orc priest shouts! x2; The orc shouts!
The orc priest barely misses you.
There is a stone staircase leading up here.
There are monsters nearby!
The orc priest hits you but does no damage.
You climb upwards.
There is a stone staircase leading down here.
Press: ? - help, . - travel You can't see that place.
Aiming: Fastroot
Press: ? - help, Q - select action, (/) - cycle Shift-Dir - straight line, f - orc warrior
Aim: an orc warrior, wielding a +0 battleaxe and wearing a +0 plate armour The roots erupt in riotous growth!
Roots grab the orc warrior.
The grasping roots constrict the orc warrior, but do no damage.
The orc warrior hits you with a +0 battleaxe!!
The grasping roots constrict the orc warrior.
The roots release their grip on the orc warrior.
The orc warrior attacks as you move away!
The orc warrior hits you with a +0 battleaxe!
The orc warrior attacks as you move away!
The orc warrior hits you with a +0 battleaxe!!
* * * LOW HITPOINT WARNING * * *
The orc warrior attacks as you move away!
The orc warrior barely misses you.
The orc priest invokes the aid of Beogh against you.
Beogh smites you!
You die...
Beogh appreciates the orc priest's killing of a heretic priest.

#⌠###.#.......# #.#
..#...#.##[##.# #.#
..#####.##.##.# #.# ..#
#......(..#
#.##############
#####.#.##.##.#
#..............#
.(.........##.#
##############.#
.####.#.[.....# #.#
......#######.#########
#####(## .####<#
#...@o.o..####.......
.# #.#
#########.##....#####
.# #.# #.##.#.## .# #.#
#.##....## .####.#
#........# ......#
#..#.....#### #####.#
#########..#>#.#..... #
#.#
#............#.###### #
#.#
#.#######..###.######


You could see an orc warrior and an orc priest.

Vanquished Creatures
  Sigmund (D:2)
  A jelly (D:4)
  The ghost of mdmota the Magician, a weakling DjHW (D:3)
  Robin (D:1)
  An adder (D:2)
  3 worms
  A dart slug (D:1)
  9 ball pythons
  3 bats
  3 endoplasms
  2 giant cockroaches
  12 hobgoblins
  5 kobolds
  6 quokkas
  6 frilled lizards
  11 goblins
  8 rats
74 creatures vanquished.

Vanquished Creatures (others)
  A bat (D:3)
  A goblin (D:3)
  A quokka (D:3)
3 creatures vanquished.

Grand Total: 77 creatures vanquished

Notes
Turn   | Place    | Note
-------+----------+-------------------------------------------
     0 | D:1      | mezmerelda the Hill Orc Fighter began the quest for the
                  | Orb.
     0 | D:1      | Reached XP level 1. HP: 19/19 MP: 1/1
   355 | D:1      | Reached XP level 2. HP: 27/27 MP: 2/2
   365 | D:1      | Reached skill level 3 in Axes
   490 | D:1      | Found Pocoag's Antique Armour Boutique.
   683 | D:1      | Reached XP level 3. HP: 32/33 MP: 3/3
  1027 | D:2      | Noticed Robin
  1042 | D:1      | Killed Robin
  1469 | D:2      | Reached XP level 4. HP: 40/40 MP: 4/4
  1689 | D:2      | Reached skill level 4 in Axes
  2142 | D:2      | Noticed Sigmund
  2315 | D:3      | Became a worshipper of Beogh the Brigand
  2500 | D:3      | Found a broken altar of Ashenzari.
  2594 | D:3      | Found a hide-covered altar of Uskayaw.
  2790 | D:3      | Found a runed translucent door.
  2793 | D:3      | Noticed mdmota's ghost (weakling DjHW)
  2807 | D:3      | Killed mdmota's ghost
  2808 | D:3      | Reached skill level 5 in Axes
  2808 | D:3      | Reached XP level 5. HP: 27/46 MP: 5/5
  3071 | D:4      | Found a shadowy altar of Dithmenos.
  3072 | D:4      | Noticed a phantom
  3212 | D:2      | Killed Sigmund
  3213 | D:2      | Reached skill level 7 in Axes
  3213 | D:2      | Reached XP level 6. HP: 18/52 MP: 6/6
  3489 | D:4      | Noticed an orc warrior
  3503 | D:3      | Killed from afar by an orc priest

Illustrated notes

Levels and vault maps discovered:
D:1:      elethiomel_arrival_shortcut, layout_loops_corners, serial_shops,
          nicolae_shop_hallway_plus, grunt_decor_arrowhead, st_stairs_9,
          minmay_domino_2
D:2:      layout_basic, minivault_4, columned_hall_lemuel,
          wander_ebering_terrifying_dragon_lair, uniq_robin, uniq_sigmund
D:3:      layout_loops_ring, eat_drink_and_be_merry_uskayaw,
          mainiacjoe_overflow_alcove_2, ebering_ghost_reflecting_pool
D:4:      layout_basic, nicolae_dithmenos_the_darkroom,
          nemelex_spade_bored_becter, nrook_mini_vaults,
          chequers_serial_rivers_micro_a, chequers_serial_rivers_micro_c,
          dreamdust_princess_bridge, minivault_24

Skill      XL: |  1  2  3  4  5 |
---------------+----------------+-----
Axes           | 3 5 7 |  7.7
Fighting       | 4 |  4.0
Armour         | 4 |  4.0
Shields        | 4 |  4.0

Action                   |  1- 3 |  4- 6 || total
-------------------------+-------+-------++-------
Melee: War axe           |   102 |   113 ||   215
Throw: Dart              |       |    17 ||    17
       Javelin           |       |     2 ||     2
Invok: Convert to Beogh  |       |     1 ||     1
Evoke: Wand              |       |     1 ||     1
  Use: Potion            |     1 |     1 ||     2
       Scroll            |       |     1 ||     1
Armor: Scale mail        |    42 |    37 ||    79
Dodge: Dodged            |    50 |    37 ||    87
Block: Buckler           |    25 |    18 ||    43
